 Dungeon Crawl Stone Soup version 0.19-a0-1049-g462a813 (webtiles) character file.

72 Jmtri7 the Charlatan (level 4, -17/32 HPs)
             Began as a Formicid Artificer on July 31, 2016.
             Shot with an arrow by a centaur warrior (20 damage)
             ... on level 15 of the Dungeon.
             The game lasted 00:03:20 (845 turns).

Jmtri7 the Charlatan (Formicid Artificer)            Turns: 845, Time: 00:03:21

Health: -17/32     AC:  3    Str: 16    XL:     4   Next: 48%
Magic:  8/8        EV: 12    Int: 11    God:
Gold:   82         SH:  0    Dex: 12    Spells: 0 memorised, 3 levels left

rFire  . . .     SeeInvis +     a - +0 short sword
rCold  . . .     Gourm    .     b - +0 leather armour
rNeg   . . .     Faith    .     (no shield)
rPois  .         Spirit   .     (helmet unavailable)
rElec  .         Dismiss  .     (no cloak)
rCorr  .         Reflect  .     (no gloves)
SustAt .         Harm     .     (no boots)
MR     .....                    (no amulet)
Stlth  +.........               (no ring)
                                (no ring)

@: not resistant to hostile enchantments, very unstealthy
A: permanent stasis, dig shafts and tunnels, four strong arms, antennae 3
a: Dig, Shaft Self


You were on level 15 of the Dungeon.
You were not hungry.

You visited 1 branch of the dungeon, and saw 11 of its levels.

You collected 82 gold pieces.

Inventory:

Hand Weapons
 a - a +0 short sword (weapon)
Armour
 b - a +0 leather armour (worn)
Jewellery
 h - an uncursed ring of fire {unknown}
Wands
 c - a wand of flame (12/48)
 d - a wand of enslavement (6/24)
 e - a wand of random effects (15/48)
Potions
 f - 2 potions of lignification {unknown}
 g - a potion of resistance {unknown}


   Skills:
 - Level 1.1 Fighting
 - Level 1.0 Short Blades
 - Level 1.7 Dodging
 - Level 1.2 Stealth
 + Level 5.4 Evocations


You had 3 spell levels left.
You didn't know any spells.

Dungeon Overview and Level Annotations

Branches:
Dungeon (13/15)
 Temple: D:4-7         Lair: D:8-11         Orc: D:9-12      Vaults: D:13-14

Altars:
The Shining One

Shops:
D:15 }

Annotations:
D:4 Dowan, Duvessa, Natasha


Innate Abilities, Weirdness & Mutations

You are under a permanent stasis effect.
You can dig through walls and to a lower floor.
Your four strong arms can wield two-handed weapons with a shield.
You have a pair of large antennae on your head. (SInv)


Message History

Unknown command.
You can't shaft yourself on this level.
Unknown command.
You can't shaft yourself on this level.
The hill giant is no longer charmed.
Found Agoyrutenni's Gadget Emporium.
A centaur warrior comes into view.
The centaur warrior shouts!
The centaur warrior wields a shortbow.
The centaur warrior shoots an arrow.
The arrow barely misses you.
You see here an arrow.
A manticore comes into view.
The manticore moves out of view.
The centaur warrior unwields an uncursed shortbow.
The centaur warrior hits you. The centaur warrior hits you!
* * * LOW HITPOINT WARNING * * *
The centaur warrior wields an uncursed shortbow.
The centaur warrior shoots an arrow.
The arrow hits you!!
Ouch! That really hurt!
You die...

#......## ..
........#.......##.#
#.......##......#..#
##.......#####'##..#
#.........#.......##
#.........#......##...#
#.........#.....##..#..
#.......##....##..#.#.
#...∩<@H#...### .#._.#
........C......##..#.#.
.......c...(....##..#..
.................## #
##############....## #.
{ .##..#..###..
..........#..#
...........#.#
.............#


You could see a hill giant, a centaur warrior and a manticore.

Vanquished Creatures (collateral kills)
  An orc warrior (D:13)
  An orc priest (D:13)
  An adder (D:8)
  2 orcs (D:13)
5 creatures vanquished.

Vanquished Creatures (others)
  A two-headed ogre (D:13)
  A killer bee zombie (D:8)
2 creatures vanquished.

Grand Total: 7 creatures vanquished

Notes
Turn   | Place    | Note
-------+----------+-------------------------------------------
     0 | D:1      | Jmtri7 the Formicid Artificer began the quest for the Orb.
     0 | D:1      | Reached XP level 1. HP: 15/15 MP: 3/3
     3 | D:1      | You fall through a shaft!
    13 | D:2      | You fall through a shaft!
    16 | D:3      | You fall through a shaft!
    18 | D:4      | Noticed Duvessa
    18 | D:4      | Noticed Dowan
    18 | D:4      | Noticed Natasha
    19 | D:4      | You fall through a shaft for 2 floors!
    22 | D:6      | You fall through a shaft for 2 floors!
    28 | D:8      | Noticed an orc warrior
    45 | D:8      | You fall through a shaft for 3 floors!
   376 | D:10     | Entered Level 10 of the Dungeon
   376 | D:10     | Noticed a hill giant
   382 | D:11     | You fall through a shaft for 2 floors!
   382 | D:13     | Noticed a two-headed ogre
   388 | D:13     | Noticed an orc warrior
   388 | D:13     | Noticed an orc priest
   393 | D:13     | Killed an orc warrior
   393 | D:13     | Reached skill level 5 in Evocations
   393 | D:13     | Reached XP level 2. HP: 21/21 MP: 3/5
   393 | D:13     | Reached XP level 3. HP: 26/26 MP: 3/6
   393 | D:13     | Reached XP level 4. HP: 32/32 MP: 3/7
   395 | D:13     | Noticed a meliai zombie
   396 | D:13     | Noticed a cyclops
   419 | D:13     | You fall through a shaft!
   668 | D:14     | Noticed a skeletal warrior
   683 | D:14     | Noticed a skeletal warrior
   687 | D:14     | You fall through a shaft!
   687 | D:15     | Entered Level 15 of the Dungeon
   811 | D:15     | Noticed a hill giant
   818 | D:15     | Found a glowing golden altar of the Shining One.
   840 | D:15     | Found Agoyrutenni's Gadget Emporium.
   841 | D:15     | Noticed a centaur warrior
   842 | D:15     | Noticed a manticore
   845 | D:15     | Shot with an arrow by a centaur warrior

Vault maps used:
D:1:      wheals_arrival_linesprint, nemelex_xobeh_ov_fountains_minmay
D:2:      minmay_misc_feat_room, ashenzari_altar_1, uniq_robin
D:3:      lemuel_round_altar, first_bread
D:4:      makhleb_heckhound_becter, uniq_sigmund, uniq_duvessa, uniq_purgy,
          uniq_natasha
D:6:      nicolae_ru_path_of_blood, fedhas_altar_3, uniq_menkaure
D:8:      minitemple, grunt_lair_entry_orc_guard_hut
D:10:     st_stairs_3
D:11:     hangedman_pestilent_swarm, serial_park_tiny_1
D:13:     david_vaults_5, serial_shops, kennysheep_mini
D:14:     hangedman_decor_slide_cut
D:15:     hangedman_depths_entry_civil_slaughter, tso_metal_star, enter_trove_3,
          serial_shops, shop, uniq_josephine

Skill      XL: |  1 |
---------------+----+-----
Evocations     | 5 |  5.4
Fighting       | |  1.1
Short Blades   | |  1.0
Dodging        | |  1.7
Stealth        | |  1.2

Action                   |  1- 3 |  4- 6 || total
-------------------------+-------+-------++-------
 Abil: Shaft Self        |     7 |     2 ||     9
       Dig               |     1 |       ||     1
Evoke: Wand              |     2 |    10 ||    12
  Eat: Bread ration      |     1 |       ||     1
Armor: Leather armour    |       |     2 ||     2
Dodge: Dodged            |     7 |     5 ||    12
